Map: Automne céruléen EC

Players

zidar - Winner!

  • Race: Zerg Zerg
  • League: Gold
  • Spawn Location: 7:00

ipohondrik

  • Race: Terran Terran
  • League: Gold
  • Spawn Location: 1:00

VOD

Have the link to the VOD?

Description

Time

  • Played on: Dec. 29, 2018, 3:45 p.m.
  • Length: 15:15
Show
View Real Time Build Order
Export as new Build Order

zidar Zerg - Winner!

Build Orders: Hatch First 

Get SALT Encoding   

  12  0:01  Drone  
  13  0:09  Drone  
  14  0:24  Overlord  
  14  0:42  Drone x3  
  17  1:01  Hatchery, Drone  
  17  1:04  Extractor  
  17  1:06  Drone  
  17  1:27  Spawning Pool, Drone  
  17  1:29  Drone  
  18  1:37  Drone  
  19  1:53  Overlord  
  19  1:57  Drone  
  20  2:12  Drone  
  20  2:19  Queen x2  
  20  2:21  Drone x2  
  26  2:27  Drone  
  27  2:35  Zergling x2  
  28  2:37  Metabolic Boost  
  28  2:42  Drone  
  29  2:47  Zergling x4  
  31  3:14  Drone x3  
  31  3:15  Drone  
  31  3:16  Drone  
  36  3:28  Overlord  
  36  3:29  Overlord x2  
  36  3:47  Hatchery, Drone  
  36  3:48  Drone x5  
  41  3:55  Queen  
  43  4:08  Extractor  
  42  4:14  Extractor  
  40  4:25  Drone x6  
  40  4:26  Drone  
  48  4:45  Drone x2  
  48  4:46  Drone  
  48  4:49  Lair  
  50  4:55  Extractor, Drone x2  
  50  4:59  Overlord x3  
  51  5:01  Overlord  
  51  5:16  Queen  
  53  5:25  Zergling x2  
  53  5:26  Zergling x6  
  53  5:27  Zergling x4  
  59  5:37  Baneling Nest  
  58  5:46  Evolution Chamber  
  58  5:47  Evolution Chamber  
  56  5:56  Drone x3  
  56  5:57  Drone x6  
  65  6:02  Overlord  
  65  6:12  Zerg Melee Weapons Level 1  
  65  6:13  Zerg Ground Armor Level 1  
  65  6:19  Pneumatized Carapace  
  65  6:21  Centrifical Hooks  
  65  6:28  Drone  
  65  6:29  Drone x2  
  68  6:45  Extractor  
  67  6:50  Extractor  
  66  7:03  Drone x8  
  66  7:04  Drone x3  
  66  7:05  Drone x4  
  81  7:19  Spire  
  80  7:22  Queen  
  82  7:33  Infestation Pit  
  81  8:07  Hatchery  
  80  8:27  Zergling x2  
  80  8:28  Zergling x16  
  80  8:32  Overlord  
  80  8:33  Overlord x6  
  89  8:37  Hive  
  89  8:47  Zerg Melee Weapons Level 2  
  89  8:48  Zerg Ground Armor Level 2  
  89  9:00  Drone  
  89  9:01  Drone x3  
  93  9:15  Zergling x4  
  93  9:16  Zergling x26  
  108  9:22  Baneling x14  
  108  9:26  Baneling  
  108  9:27  Baneling x6  
  108  9:34  Zergling x28  
  92  10:02  Zergling x4  
  92  10:03  Zergling x4  
  92  10:04  Zergling x24  
  106  10:23  Zergling x2  
  106  10:24  Zergling x12  
  113  10:29  Baneling x6  
  113  10:30  Baneling x7  
  111  10:35  Mutalisk  
  111  10:36  Mutalisk x2  
  111  10:37  Mutalisk  
  119  10:46  Queen  
  119  10:47  Adrenal Glands  
  119  10:49  Ultralisk Cavern  
  120  10:55  Zergling x4  
  120  10:56  Zergling x16  
  130  11:15  Zerg Melee Weapons Level 3  
  130  11:19  Zerg Ground Armor Level 3  
  130  11:24  Zergling x6  
  130  11:25  Zergling x16  
  141  11:29  Overlord x4  
  141  11:33  Baneling  
  141  11:34  Baneling x18  
  141  12:08  Ultralisk  
  141  12:09  Ultralisk x2  
  141  12:10  Ultralisk x2  
  165  12:15  Chitinous Plating  
  137  12:42  Zergling x2  
  137  12:43  Zergling x10  
  143  12:44  Mutalisk  
  143  12:45  Mutalisk x2  
  143  12:46  Mutalisk x3  
  155  12:52  Baneling  
  155  12:53  Baneling x11  
  121  13:34  Anabolic Synthesis  
  111  14:01  Mutalisk x2  
  111  14:02  Mutalisk x2  
  117  14:04  Ultralisk x2  
  117  14:05  Ultralisk  
  117  14:06  Ultralisk x2  
  117  14:07  Ultralisk x2  
  117  14:08  Ultralisk  
Show
View Real Time Build Order
Export as new Build Order

ipohondrik Terran 

Build Orders:  

Get SALT Encoding   

  12  0:12  Supply Depot  
  12  0:13  SCV  
  13  0:25  SCV  
  14  0:34  Barracks  
  14  0:37  SCV  
  15  0:49  Supply Depot  
  15  0:50  SCV  
  16  1:04  SCV  
  17  1:11  Refinery  
  17  1:16  SCV  
  18  1:31  SCV  
  19  1:43  SCV  
  19  1:46  Marine  
  21  1:55  SCV  
  22  2:03  Command Center  
  22  2:04  Reaper  
  23  2:20  Refinery, Supply Depot  
  23  2:36  Supply Depot  
  23  2:38  SCV  
  23  2:39  Marine  
  25  2:54  SCV  
  25  2:57  Marine  
  27  3:06  SCV  
  28  3:15  Marine  
  28  3:33  Marine  
  29  3:42  Bunker  
  29  3:56  SCV, Supply Depot  
  29  4:00  SCV  
  31  4:08  Factory  
  31  4:09  SCV  
  32  4:12  SCV  
  32  4:15  Barracks  
  33  4:18  Barracks  
  33  4:21  SCV  
  33  4:23  Supply Depot  
  34  4:30  SCV  
  35  4:32  Command Center  
  35  4:33  SCV  
  36  4:41  Refinery  
  36  4:43  SCV  
  37  4:55  Orbital Command  
  37  4:58  Orbital Command  
  37  5:10  Barracks Tech Lab  
  37  5:11  Barracks Reactor  
  37  5:14  Factory Tech Lab  
  37  5:16  Barracks Reactor  
  37  5:21  Engineering Bay  
  37  5:26  Armory  
  37  5:27  SCV  
  38  5:39  SCV  
  38  5:41  Marauder  
  41  5:51  SCV  
  41  5:52  Orbital Command  
  41  5:56  SCV  
  43  6:01  Terran Infantry Weapons Level 1  
  43  6:02  Marauder  
  43  6:04  SCV  
  46  6:06  Hellion  
  46  6:08  SCV  
  49  6:16  SCV  
  50  6:23  Marine  
  51  6:27  Missile Turret, Siege Tank  
  54  6:33  Terran Vehicle Weapons Level 1  
  54  6:35  Marine  
  54  6:36  Marine x3  
  58  6:41  Marine  
  59  6:50  Orbital Command  
  59  6:52  Starport  
  59  6:53  Marine x2, Starport  
  59  6:54  Marine x2  
  61  6:59  Marine, Siege Tank  
  67  7:11  Marine x3  
  67  7:12  Marine  
  71  7:17  Marauder  
  73  7:29  Marine x4  
  77  7:38  Marauder  
  77  7:47  Marine x4  
  81  7:53  Siege Tank  
  81  7:55  Terran Infantry Armor Level 1  
  84  7:59  Marine  
  84  8:00  Medivac  
  84  8:01  Medivac  
  84  8:04  Marine  
  84  8:05  Marine x3  
  93  8:13  Supply Depot  
  93  8:15  Supply Depot x2  
  93  8:16  Supply Depot  
  93  8:34  Marine x5, Medivac  
  93  8:36  Siege Tank, Medivac  
  105  8:49  Liberator  
  105  8:55  SCV  
  105  8:58  SCV  
  105  9:02  Marine x3  
  112  9:03  Marine, Marauder  
  112  9:07  SCV  
  117  9:10  SCV, Hellion  
  120  9:19  Marine  
  120  9:20  Marine x3, SCV  
  120  9:23  Stimpack  
  125  9:49  Terran Infantry Weapons Level 2  
  125  9:51  Marine x2  
  125  9:52  Marine, SCV x2, Hellion  
  105  10:04  SCV x2  
  107  10:30  Liberator  
  107  10:31  Liberator  
  107  10:39  Marine  
  107  10:40  Marine x4  
  112  10:44  SCV  
  119  10:56  SCV, Hellion  
  122  10:57  Marine x2  
  122  10:58  Marine  
  122  11:03  Supply Depot  
  125  11:06  Terran Vehicle Weapons Level 2, Supply Depot  
  125  11:08  Supply Depot  
  125  11:11  Supply Depot  
  125  11:23  Combat Shield  
  125  11:24  Marine x5  
  125  11:25  SCV, Hellion  
  133  11:37  SCV  
  134  11:42  Marine x5  
  134  11:46  Hellion  
  141  11:49  SCV  
  142  12:00  Marine  
  142  12:01  Marauder  
  142  12:04  Marine x3  
  142  12:05  Terran Infantry Armor Level 2  
  142  12:08  Hellion  
  147  12:18  Marine  
  147  12:22  Marine x3, Marauder  
  153  12:29  Hellion  
  123  12:36  Marine  
  115  12:39  Marine  
  115  12:40  Marine x2  
  115  12:43  Marauder  
  118  12:53  Marine  
  118  12:55  Missile Turret  
  118  12:56  Missile Turret  
  118  12:57  Marine x2  
  118  12:58  Marine  
  120  13:04  Marine  
  120  13:11  Marine  
  116  13:15  Marine  
  117  13:21  Marine x2  
  117  13:22  Marine  
  78  13:40  Marauder  
  72  13:46  Widow Mine  
  48  14:08  Widow Mine  
  16  14:23  Medivac  
Tags
 
Add a new tag
Caveats
  • Supply blocks, unpowered buildings, or Contaminate may cause inaccurate times.
  • Supply counts are checked every 10 seconds.